 Dungeon Crawl Stone Soup version 0.25.1-8-g42b30a86e7 (webtiles) character file.

Game seed: 12821584335757572433

533983 DildoBatman the Metallomancer (level 27, -12/197 HPs)
             Began as a Formicid Wizard on Dec 10, 2020.
             Was an Initiate of Gozag.
             Mangled by a bennu (20 damage)
             ... on level 2 of the Tomb of the Ancients on Dec 11, 2020.
             The game lasted 03:50:04 (56378 turns).

DildoBatman the Metallomancer (Formicid Wizard)    Turns: 56378, Time: 03:50:05

Health: -12/197    AC: 29    Str: 13      XL:     27
Magic:  10/42      EV: 10    Int: 43 (44) God:    Gozag
Gold:   20980      SH:  0    Dex: 19      Spells: 8/56 levels left

rFire    + . .     SeeInvis +   c - +7 war axe "Giantbane" {flame, rN+ Str-3 Dex+6}
rCold    + + .     Gourm    .   s - +0 tower shield
rNeg     + + +     Faith    .   X - +4 robe of Augmentation {Str+4 Int+4 Dex+4}
rPois    ∞         Spirit   .   (helmet unavailable)
rElec    +         Reflect  .   Z - +2 cloak {MR+}
rCorr    +         Harm     .   T - +1 pair of gloves
MR       +++++                  Y - +2 pair of boots
Stlth    +.........             r - amulet of regeneration
HPRegen  0.82/turn              H - +6 ring of intelligence
MPRegen  0.28/turn              t - ring of Midsummer {+Fly rElec MR+ AC+4 Int+3}

@: lich-form, resistant, marked, gold aura, contaminated, held, glowing
A: permanent stasis, dig shafts and tunnels, four strong arms, antennae 3, fangs
1, iridescent scales 1, thin metallic scales 1, deformed body, sense
surroundings 1, screaming 1
}: 2/15 runes: serpentine, barnacled
a: Dig, Shaft Self, End Transformation, Potion Petition, Call Merchant, Bribe
Branch, Renounce Religion, Evoke Flight


You were on level 2 of the Tomb of the Ancients.
You worshipped Gozag.
Gozag was extremely pleased with you.
You were not hungry.
You were a lich.
You visited 10 branches of the dungeon, and saw 44 of its levels.
You also visited: Sewer, Ossuary, Bailey and Volcano.

You collected 26423 gold pieces.
You spent 3530 gold pieces at shops.
You paid 1913 gold pieces to Gozag.

Inventory:

Hand Weapons
 a - the +9 hunting sling of Defence by Offence {speed, Int+4}
   (You found it on level 6 of the Lair of Beasts)

   Attacks with this weapon are significantly faster.
   It affects your intelligence (+4).
 c - the +7 war axe "Giantbane" (weapon) {flame, rN+ Str-3 Dex+6}
   (You found it on level 3 of the Vaults)

   It has been specially enchanted to burn those struck by it, causing extra
   injury to most foes and up to half again as much damage against particularly
   susceptible opponents.
   Big, fiery blades are also staple armaments of hydra-hunters.
   It affects your strength (-3).
   It affects your dexterity (+6).
   It protects you from negative energy.
 d - the +10 dagger of Disembowelment {elec, rF+}
   (You took it off a deep elf mage on level 3 of the Elven Halls)

   Occasionally, upon striking a foe, it will discharge some electrical energy
   and cause terrible harm.
   It protects you from fire.
Missiles
 e - 1550 bolts
 k - 2178 arrows
 p - 191 sling bullets
 y - 97 silver javelins
 E - 5 throwing nets
Armour
 s - a +0 tower shield (worn)
 T - a +1 pair of gloves (worn)
 X - the +4 robe of Augmentation (worn) {Str+4 Int+4 Dex+4}
   (You found it on level 2 of the Lair of Beasts)

   It affects your strength (+4).
   It affects your intelligence (+4).
   It affects your dexterity (+4).
 Y - a +2 pair of boots (worn)
 Z - a +2 cloak of magic resistance (worn)
Magical Staves
 b - an uncursed staff of energy
Jewellery
 r - an amulet of regeneration (around neck)
 t - the ring of Midsummer (right hand) {+Fly rElec MR+ AC+4 Int+3}
   (You found it on level 13 of the Dungeon)

   [ring of protection]

   It affects your AC (+4).
   It affects your intelligence (+3).
   It insulates you from electricity.
   It affects your resistance to hostile enchantments.
   It lets you fly.
 F - a +4 ring of protection
 H - a +6 ring of intelligence (left hand)
Wands
 J - a wand of iceblast (46)
 P - a wand of acid (33)
 U - a wand of clouds (16)
Scrolls
 f - a scroll of acquirement
 l - 4 scrolls of fog
 m - 2 scrolls of holy word
 n - a scroll of amnesia
 o - a scroll of summoning
 x - 17 scrolls of remove curse
 z - 18 scrolls of identify
 C - 10 scrolls of magic mapping
 L - 10 scrolls of immolation
Potions
 g - 13 potions of curing
 j - 4 potions of magic
 u - a potion of invisibility
 w - 5 potions of resistance
 G - 10 potions of cancellation
 M - 8 potions of ambrosia
 R - 9 potions of heal wounds
 S - 4 potions of might
 V - 3 potions of brilliance
Miscellaneous
 h - a phial of floods
 i - 2 phantom mirrors
 I - a box of beasts
 K - a lightning rod (4/4)
Comestibles
 v - 34 rations


   Skills:
 - Level 12.0 Fighting
 - Level 12.0 Armour
 - Level 9.0 Dodging
 - Level 2.4 Stealth
 - Level 15.0 Shields
 - Level 15.0 Spellcasting
 - Level 6.0 Conjurations
 - Level 8.0 Charms
   Level 1.0 Summonings
 - Level 19.0 Necromancy
 - Level 0.8 Translocations
 - Level 19.0 Transmutations
 - Level 5.0 Fire Magic
 - Level 8.0 Ice Magic
 - Level 4.0 Air Magic
 * Level 22.2 Earth Magic
 - Level 4.0 Poison Magic
 - Level 15.0 Evocations


You had 8 spell levels left.
You knew the following spells:

 Your Spells              Type           Power        Failure   Level  Hunger
a - Borgnjor's Vile Clut  Necr/Erth      ########..   0%          5    N/A
b - Shatter               Erth           ########..   10%         9    N/A
c - Dispel Undead         Necr           ########     0%          4    N/A
d - Necromutation         Tmut/Necr      ########..   2%          8    N/A
e - Statue Form           Tmut/Erth      ########.    1%          6    N/A
g - Ozocubu's Armour      Chrm/Ice       #######.     1%          3    N/A
h - Sublimation of Blood  Necr           ########..   0%          2    N/A
i - Vampiric Draining     Necr           ########..   0%          3    N/A
j - Conjure Flame         Conj/Fire      ######..     1%          3    N/A
k - Mephitic Cloud        Conj/Pois/Air  ######..     1%          3    N/A
z - Shroud of Golubria    Chrm/Tloc      ######       1%          2    N/A

Your spell library contained the following spells:

 Spells                   Type           Power        Failure   Level  Hunger
 Animate Skeleton         Necr           N/A          0%          1    N/A
 Pain                     Necr           ####         0%          1    N/A
 Sting                    Tmut/Pois      ####         0%          1    N/A
 Corpse Rot               Necr/Air       N/A          0%          2    N/A
 Stone Arrow              Conj/Erth      ######       0%          3    N/A
 Animate Dead             Necr           N/A          0%          4    N/A
 Petrify                  Tmut/Erth      ########     0%          4    N/A
 Agony                    Necr           ########     0%          5    N/A
 Lee's Rapid Deconstruct  Erth           ########..   0%          5    N/A
 Apportation              Tloc           #####.       1%          1    N/A
 Corona                   Hex            ####...      1%          1    N/A
 Infusion                 Chrm           ####         1%          1    N/A
 Magic Dart               Conj           ####         1%          1    N/A
 Summon Butterflies       Summ           #####...     1%          1    N/A
 Summon Small Mammal      Summ           ####         1%          1    N/A
 Call Imp                 Summ           #####...     1%          2    N/A
 Ensorcelled Hibernation  Hex/Ice        ######       1%          2    N/A
 Poisonous Vapours        Pois/Air       ######       1%          2    N/A
 Searing Ray              Conj           ######       1%          2    N/A
 Slow                     Hex            ####....     1%          2    N/A
 Dazzling Flash           Conj/Hex       ######       1%          3    N/A
 Gell's Gravitas          Tloc           #####.....   1%          3    N/A
 Ignite Poison            Fire/Tmut/Pois #######.     1%          3    N/A
 Lesser Beckoning         Tloc           #####.....   1%          3    N/A
 Recall                   Summ/Tloc      N/A          1%          3    N/A
 Airstrike                Air            ######....   1%          4    N/A
 Iskenderun's Mystic Bla  Conj/Tloc      ######..     1%          4    N/A
 Leda's Liquefaction      Hex/Erth       #######...   1%          4    N/A
 Olgreb's Toxic Radiance  Pois           ######..     1%          4    N/A
 Alistair's Intoxication  Tmut/Pois      #######.     1%          5    N/A
 Bolt of Magma            Conj/Fire/Erth #######...   1%          5    N/A
 Excruciating Wounds      Chrm/Necr      ########..   1%          5    N/A
 Irradiate                Conj/Tmut      #######...   1%          5    N/A
 Iskenderun's Battlesphe  Conj/Chrm      #######.     1%          5    N/A
 Yara's Violent Unravell  Hex/Tmut       #######...   1%          5    N/A
 Death Channel            Necr           ########..   1%          6    N/A
 Eringya's Noxious Bog    Tmut/Pois      #######...   1%          6    N/A
 Hydra Form               Tmut           ########..   1%          6    N/A
 Simulacrum               Ice/Necr       ########..   1%          6    N/A
 Confusing Touch          Hex            ####....     2%          3    N/A
 Tukima's Dance           Hex            ####....     2%          3    N/A
 Fulminant Prism          Conj/Hex       ######....   2%          4    N/A
 Borgnjor's Revivificati  Necr           ########..   2%          8    N/A
 Infestation              Necr           ########..   2%          8    N/A
 Lightning Bolt           Conj/Air       ######....   3%          5    N/A
 Metabolic Englaciation   Hex/Ice        ######....   4%          5    N/A
 Passage of Golubria      Tloc           N/A          6%          4    N/A
 Cause Fear               Hex            ####......   9%          4    N/A
 Silence                  Hex/Air        #####.....   11%         5    N/A
 Haunt                    Necr/Summ      ########..   12%         7    N/A
 Starburst                Conj/Fire      ######....   14%         6    N/A
 Summon Demon             Summ           #####.....   16%         5    N/A
 Summon Forest            Summ/Tloc      #####.....   16%         5    N/A
 Conjure Ball Lightning   Conj/Air       ######....   17%         6    N/A
 Death's Door             Chrm/Necr      ########..   22%         8    N/A
 Ring of Flames           Chrm/Fire      ######....   45%         7    N/A
 Shadow Creatures         Summ           N/A          65%         6    N/A
 Dispersal                Tloc           #####.....   67%         6    N/A
 Darkness                 Hex            ####......   78%         6    N/A
 Invisibility             Hex            ####....     78%         6    N/A
 Spellforged Servitor     Conj/Summ      ######....   86%         7    N/A
 Malign Gateway           Summ/Tloc      #####.....   99%         7    N/A
 Monstrous Menagerie      Summ           #####.....   99%         7    N/A
 Summon Greater Demon     Summ           #####.....   99%         7    N/A
 Summon Hydra             Summ           #####.....   99%         7    N/A
 Summon Horrible Things   Summ           #####.....   100%        8    N/A
 Blink                    Tloc           Unusable     N/A         2    N/A
 Swiftness                Chrm/Air       Unusable     N/A         2    N/A

Dungeon Overview and Level Annotations

Branches:
Dungeon (15/15)            Temple (1/1) D:4            Lair (6/6) D:10
 Shoals (4/4) Lair:3        Snake (4/4) Lair:4        Slime (0/5) Lair:6
    Orc (2/2) D:12            Elf (3/3) Orc:2        Vaults (4/5) D:14
  Crypt (3/3) Vaults:2       Tomb (2/3) Crypt:3      Depths (0/5) D:15
  Sewer (visited)         Ossuary (visited)          Bailey (visited)
Volcano (visited)

Altars:
Ashenzari
Cheibriados
Dithmenos
Elyvilon
Fedhas
Gozag
Hepliaklqana
Kikubaaqudgha
Makhleb
Nemelex Xobeh
Okawaru
Qazlal
Ru
Sif Muna
Trog
Uskayaw
Vehumet
Wu Jian
Xom
Yredelemnul
Zin
The Shining One
Beogh
Jiyva

Shops:
D:8 %   Orc:1 }   Orc:2 *!}*   Elf:2 :   Snake:1 [:!   Snake:2 =}}
Snake:3 **(%}   Vaults:1 [   Vaults:3 !


Innate Abilities, Weirdness & Mutations

You cannot be hasted, slowed, berserked, paralysed or teleported.
You can dig through walls and to a lower floor.
Your four strong arms can wield two-handed weapons with a shield.
You have a pair of large antennae on your head. (SInv)
You have very sharp teeth.
You are partially covered in iridescent scales. (AC +2)
You are partially covered in thin metallic scales. (AC +2)
Armour fits poorly on your strangely shaped body.
You passively map a small area around you.
You occasionally shout uncontrollably at your foes.


Message History

You feel extremely nervous for a moment...
You feel a surge of unholy energy.
You feel extremely nervous for a moment...
You feel horribly lethargic.
Your stasis prevents you from being slowed.
You feel extremely nervous for a moment...
You feel weird for a moment.
The greater mummy becomes distracted by the nearby gold, dreaming of imaginary riches.
The greater mummy casts a spell. [a] - 280 gold - resistance [b] - 650 gold - invisibility, stabbing, might and resistance [c] - 420 gold - flight, stabbing and invisibility Purchase which effect?
You feel protected.
You feel less vulnerable to hostile enchantments.
The death scarab becomes distracted by the nearby gold, dreaming of imaginary riches.
The bennu pecks you! The bennu sears you!!
You die...
Your body crumbles into a pile of gold.

,*....#.M $M§#$##
...?(#.#..$.#..
...$.$........$ , ,
*....(..^$${^{$. ,
....$..$$.$..§# ,
...$.s$sM$.s$$$
.....$M§$${.$.. , ,
* *
#$s.§.M#######.** ,
$.$$^^#§sbLM<.Z..#,
,
*$......§§$§$§$$..#^
, *
..^!..$$.^§.§$$.$..
, ,
...^......§§^....#
.(^......§....$^.. *
#####..........#..#
#.#..####....#.#
▓▓▓▓▓ ▓▓▓▓▓


You could see 2 greater mummies, a bennu, a guardian mummy, 4 death scarabs, a
mummy and a catoblepas zombie.

Vanquished Creatures
  Mara (Shoals:3)
  Mennas (Crypt:2)
  Boris (Tomb:1)
  20 greater mummies
  Frederick (Crypt:1)
  Saint Roka (Snake:4)
  Vashnia (Snake:3)
  Nikola (Shoals:3)
  Jory (Crypt:3)
  A profane servitor (Crypt:3)
  A bone dragon (Crypt:3)
  Jorgrun (Orc:1)
  Rupert (D:12)
  A lich (Crypt:3)
  2 deep elf blademasters
  Asterion (Snake:3)
  A deep elf master archer (Elf:3)
  The ghost of destino the Black Belt, an adept OpFi of Cheibriados (Shoals:4)
  Gastronok (Lair:1)
  2 ancient champions
  5 sphinxes (Tomb:1)
  Agnes (Elf:2)
  A kraken (Shoals:1)
  14 nagarajas
  2 revenants
  2 storm dragons
  Frances (Elf:1)
  Donald (Crypt:2)
  Ilsuiw (Shoals:2)
  Roxanne (Shoals:1)
  4 frost giants
  2 fire giants
  14 vault wardens
  Louise (Shoals:3)
  4 orc warlords
  7 deep elf sorcerers
  2 ghouls
  Aizul (Snake:4)
  3 very ugly things (Vaults:3)
  6 deep elf elementalists (Elf:3)
  13 ironheart preservers
  3 stone giants
  A war gargoyle (Vaults:3)
  3 entropy weavers
  6 vampire knights
  4 deep elf demonologists
  A dire elephant (Lair:6)
  The ghost of Hiywul the Fighter, a journeyman MiHu of Trog (Lair:4)
  10 deep elf annihilators
  3 eidola
  10 merfolk javelineers
  16 mummy priests
  3 ettins
  9 deep elf death magi
  The ghost of Clowwww the Cleaver, a journeyman DsFi of Ashenzari (D:11)
  The ghost of lenfi the Spear-Bearer, a journeyman MfMo of Makhleb (Orc:1)
  5 great orbs of eyes
  11 yaktaur captains
  A crystal guardian (Vaults:2)
  27 jiangshi
  Erolcha (D:12)
  Josephine (D:12)
  3 fire dragons
  3 deep elf high priests (Elf:3)
  7 merfolk impalers
  3 rakshasas (Vaults:3)
  13 hydras
  6 vault guards
  4 ice dragons
  9 centaur warriors
  13 naga warriors
  14 anacondas
  3 merfolk avatars
  A catoblepas (Lair:6)
  A satyr (Shoals:3)
  2 alligator snapping turtles
  7 ogre magi
  26 two-headed ogres
  A queen ant (Lair:3)
  A merfolk aquamancer (Shoals:4)
  6 death knights
  7 death yaks
  A deep troll shaman (Vaults:4)
  6 orc high priests
  2 tengu warriors (D:14)
  2 large abominations (Crypt:3)
  6 vampire magi
  39 death scarabs (Tomb:2)
  14 naga sharpshooters
  17 shock serpents
  3 soul eaters
  25 deep elf knights
  A titan skeleton (Tomb:1)
  4 shadow wraiths
  A swamp dragon (Lair:6)
  8 deep trolls
  5 wizards
  3 unseen horrors
  An unseen horror (shapeshifter) (Vaults:1)
  29 skeletal warriors
  A glowing orange brain (Vaults:3)
  A storm dragon skeleton (Crypt:2)
  6 flayed ghosts
  8 naga ritualists
  An anaconda skeleton (Tomb:1)
  7 salamander mystics
  An orange crystal statue (Vaults:4)
  10 phantasmal warriors
  31 deep elf archers
  9 sea snakes
  91 deep elf magi
  17 ironbrand convokers
  5 lindwurms
  12 orc knights
  9 harpies
  4 necromancers
  A harpy (shapeshifter) (D:14)
  12 ugly things
  Pikel (D:6)
  3 wolf spider zombies
  A shadow dragon skeleton (Crypt:2)
  16 mana vipers
  6 cyclopes
  11 orc sorcerers
  A fire giant zombie (Vaults:3)
  7 salamanders
  6 wolf spiders
  5 manticores
  A spectral ettin (Crypt:3)
  26 naga magi
  15 fauns
  9 merfolk sirens
  A stone giant skeleton (Tomb:2)
  48 black mambas
  A guardian serpent (shapeshifter) (D:15)
  21 elephants
  Joseph (D:8)
  9 guardian serpents
  7 vault sentinels
  An elephant slug zombie (Crypt:2)
  3 water nymphs
  Psyche (D:9)
  12 spiny frogs
  A gargoyle (D:12)
  5 rime drakes
  46 yaktaurs
  A green draconian zombie (Crypt:2)
  Maggie (Lair:1)
  An efreet (D:14)
  9 komodo dragons
  14 freezing wraiths
  An iron troll zombie (Crypt:1)
  18 guardian mummies
  A meliai (shapeshifter) (Vaults:2)
  A hydra zombie (D:14)
  A death yak skeleton (Crypt:2)
  6 wind drakes
  A grey draconian skeleton (Crypt:2)
  11 trolls
  A jumping spider (shapeshifter) (Vaults:3)
  2 queen bees (shapeshifter)
  A hornet (shapeshifter) (Vaults:1)
  30 merfolk
  A polar bear (shapeshifter) (Vaults:2)
  2 hornets
  A bog body (Crypt:2)
  14 slime creatures
  3 blink frogs (Lair:6)
  12 hippogriffs
  8 dream sheep
  9 snapping turtles
  A frost giant simulacrum (Crypt:3)
  2 hippogriffs (shapeshifter)
  A fire dragon zombie (D:13)
  3 shadows
  A meliai zombie (D:12)
  A tarantella (Vaults:4)
  A centaur simulacrum (D:15)
  6 water elementals
  A black mamba zombie (Crypt:1)
  67 flying skulls
  An ice dragon skeleton (Crypt:3)
  9 redbacks
  13 wraiths
  24 yaks
  4 vampires
  2 air elementals (Elf:2)
  7 wyverns
  An ettin skeleton (Crypt:3)
  A redback (shapeshifter) (D:14)
  6 fire bats (Volcano)
  3 fire elementals
  A human simulacrum (Vaults:3)
  15 ushabtiu
  5 basilisks
  3 steam dragons (Lair:6)
  4 vampire mosquitoes (D:13)
  8 wargs
  2 human zombies
  A monstrous demonspawn zombie (Crypt:2)
  Edmund (D:5)
  A yaktaur simulacrum (Vaults:3)
  Menkaure (D:7)
  29 nagas
  A water nymph zombie (Crypt:2)
  A two-headed ogre zombie (D:14)
  14 water moccasins
  3 acid dragons
  8 soldier ants (Lair:3)
  6 sky beasts
  61 orc warriors
  2 porcupines (Lair:4)
  2 elf zombies (D:13)
  2 hornet zombies
  2 swamp drakes
  4 slaves (D:6)
  2 ice beasts
  6 phantoms
  A lindwurm zombie (Volcano)
  An eye of draining (shapeshifter) (Vaults:3)
  2 black bears (D:8)
  A manticore zombie (D:13)
  A boggart (shapeshifter) (D:14)
  8 necrophages
  A wolf (Lair:6)
  30 ogres
  36 centaurs
  A manticore skeleton (Crypt:2)
  18 crocodiles
  A big kobold (shapeshifter) (Vaults:3)
  15 bullfrogs
  2 wyvern zombies
  4 earth elementals
  A glowing shapeshifter simulacrum (Vaults:3)
  An elf skeleton (Crypt:1)
  A cyclops zombie (D:13)
  A water moccasin zombie (D:8)
  A wyvern skeleton (D:14)
  5 scorpions
  2 yak zombies (D:13)
  2 small abominations (Crypt:3)
  An elf simulacrum (Vaults:3)
  10 killer bees
  A spriggan skeleton (Crypt:1)
  4 wights (D:14)
  A howler monkey (D:8)
  4 electric eels
  4 lava snakes (Volcano)
  5 centaur zombies
  5 crimson imps
  A bullfrog zombie (D:6)
  2 centaur skeletons
  8 hounds
  2 jellies
  43 orc wizards
  37 orc priests
  2 kobold skeletons (D:13)
  4 bullfrog skeletons
  A demonspawn skeleton (Crypt:2)
  Crazy Yiuf (D:7)
  6 iguanas
  30 worker ants
  Terence (D:2)
  A hell rat (Lair:6)
  7 big kobold zombies
  An ogre zombie (Orc:1)
  A felid zombie (Crypt:1)
  A dwarf skeleton (Crypt:2)
  A hound zombie (D:6)
  A hound skeleton (D:3)
  39 mummies
  A worker ant zombie (D:10)
  7 gnolls
  A howler monkey zombie (D:13)
  A river rat (D:3)
  14 adders
  5 orc skeletons
  5 shadow imps
  3 oozes
  2 adder zombies
  A halfling skeleton (Crypt:2)
  An iguana zombie (Crypt:1)
  An adder skeleton (D:5)
  5 worms
  5 dart slugs
  7 leopard geckos
  146 orcs
  4 spectral bats (Ossuary)
  5 bats
  A bat zombie (D:4)
  9 giant cockroaches
  7 gnoll zombies
  6 goblins
  7 hobgoblins
  11 jackals
  3 quokkas
  6 ball pythons
  A bat simulacrum (Ossuary)
  14 frilled lizards
  A goblin simulacrum (Ossuary)
  8 goblin zombies
  3 hobgoblin zombies (Ossuary)
  14 kobolds
  4 kobold simulacra (Ossuary)
  3 kobold zombies (Ossuary)
  A leopard gecko skeleton (D:4)
  A leopard gecko zombie (D:5)
  13 orc zombies
  A quokka skeleton (D:9)
  8 rats
  3 rat simulacra (Ossuary)
  2 spectral goblins (Ossuary)
  A spectral kobold (Ossuary)
  8 spectral rats (Ossuary)
  4 fungi
  10 plants
2248 creatures vanquished.

Vanquished Creatures (others)
  A red draconian (Volcano)
  24 dancing weapons
  An ogre mage (Vaults:1)
  A deep elf knight (Vaults:3)
  A guardian serpent (Snake:1)
  A fire elemental (Elf:3)
  3 lava snakes (Volcano)
  An orc priest (Orc:1)
  An orc (Elf:2)
  2 goblin simulacra (Ossuary)
  A kobold simulacrum (Ossuary)
  A rat simulacrum (Ossuary)
  A bush (Snake:2)
  19 fungi
  18 plants
  5 tentacles (Shoals:1)
  A withered plant (D:11)
82 creatures vanquished.

Grand Total: 2330 creatures vanquished

Notes
Turn   | Place    | Note
-------+----------+-------------------------------------------
     0 | D:1      | DildoBatman the Formicid Wizard began the quest for the
                  | Orb.
     0 | D:1      | Reached XP level 1. HP: 13/13 MP: 4/4
    13 | D:1      | Reached skill level 1 in Conjurations
   240 | D:1      | Reached XP level 2. HP: 12/19 MP: 4/6
   611 | D:1      | Reached XP level 3. HP: 24/24 MP: 3/7
  1040 | D:1      | Found a glowing golden altar of the Shining One.
  1556 | D:2      | Reached XP level 4. HP: 30/30 MP: 5/8
  1571 | D:2      | Learned a level 3 spell: Conjure Flame
  1575 | D:2      | Learned a level 3 spell: Mephitic Cloud
  1784 | D:2      | Noticed a sky beast
  1842 | D:2      | Found a hide-covered altar of Uskayaw.
  1842 | D:2      | Found a glowing silver altar of Zin.
  1842 | D:2      | Found a hazy altar of Hepliaklqana.
  1843 | D:2      | Found a bloodstained altar of Trog.
  1845 | D:2      | Found a blossoming altar of Fedhas.
  1846 | D:2      | Found a basalt altar of Yredelemnul.
  2552 | D:3      | Reached XP level 5. HP: 22/35 MP: 1/9
  2595 | D:3      | Noticed Terence
  2771 | D:3      | Found a glowing drain.
  2799 | Sewer    | Entered a sewer
  3167 | Sewer    | Noticed a bullfrog
  3172 | Sewer    | Noticed a bullfrog
  3180 | Sewer    | Killed a bullfrog
  3180 | Sewer    | Reached skill level 5 in Conjurations
  3180 | Sewer    | Reached XP level 6. HP: 22/41 MP: 7/10
  3560 | D:3      | Reached XP level 7. HP: 36/46 MP: 11/11
  4127 | D:3      | Reached skill level 1 in Poison Magic
  4435 | D:4      | Found a staircase to the Ecumenical Temple.
  4442 | Temple   | Entered the Ecumenical Temple
  5082 | D:3      | Reached skill level 1 in Fire Magic
  5128 | D:4      | Reached skill level 1 in Air Magic
  5156 | D:4      | Found a snail-covered altar of Cheibriados.
  5197 | D:4      | Found an ancient bone altar of Kikubaaqudgha.
  5205 | D:4      | Became a worshipper of Kikubaaqudgha
  5339 | D:4      | Found a glowing golden altar of the Shining One.
  5549 | D:2      | Killed Terence
  5549 | D:2      | Reached skill level 1 in Fighting
  5549 | D:2      | Reached skill level 1 in Armour
  5607 | D:2      | Reached XP level 8. HP: 43/54 MP: 12/12
  5645 | D:5      | Entered Level 5 of the Dungeon
  5815 | D:5      | Reached skill level 1 in Necromancy
  5997 | D:5      | Noticed Edmund
  6007 | D:5      | Killed Edmund
  6116 | D:5      | Reached XP level 9. HP: 35/62 MP: 14/14
  6260 | D:5      | Reached * piety under Kikubaaqudgha
  6260 | D:5      | Identified Kikubaaqudgha's Catalogue of Dark Rites
                  | (Kikubaaqudgha gifted it to you on level 5 of the Dungeon)
  6260 | D:5      | Received a gift from Kikubaaqudgha
  6294 | D:5      | Learned a level 2 spell: Sublimation of Blood
  6298 | D:5      | Learned a level 3 spell: Vampiric Draining
  7003 | D:6      | Noticed Pikel
  7049 | D:6      | Killed Pikel
  7123 | D:6      | Found a sand-covered staircase.
  7127 | Ossuary  | Entered an ossuary
  7153 | Ossuary  | Reached ** piety under Kikubaaqudgha
  7534 | Ossuary  | Reached *** piety under Kikubaaqudgha
  7534 | Ossuary  | Identified Kikubaaqudgha's Almanac of Black Magic
                  | (Kikubaaqudgha gifted it to you in an ossuary)
  7534 | Ossuary  | Received a gift from Kikubaaqudgha
  7541 | Ossuary  | Learned a level 4 spell: Dispel Undead
  7802 | D:6      | Reached skill level 5 in Spellcasting
  7999 | D:6      | Reached XP level 10. HP: 71/71 MP: 17/17
  8286 | D:7      | Noticed Menkaure
  8291 | D:7      | Killed Menkaure
  8352 | D:7      | Found a shadowy altar of Dithmenos.
  8419 | D:7      | Reached skill level 5 in Fire Magic
  8754 | D:7      | Found a runed translucent door.
  8756 | D:7      | Noticed Crazy Yiuf
  8782 | D:7      | Killed Crazy Yiuf
  9056 | D:7      | Reached skill level 5 in Necromancy
  9158 | D:7      | Reached **** piety under Kikubaaqudgha
  9301 | D:7      | Got a crude mace
  9331 | D:7      | Identified the +2 mace of Chagrin {speed, *Slow Int+4
                  | Dex+2} (You found it on level 7 of the Dungeon)
  9481 | D:8      | Learned a level 5 spell: Borgnjor's Vile Clutch
  9551 | D:8      | Noticed Joseph
  9572 | D:8      | Killed Joseph
  9572 | D:8      | Reached skill level 1 in Earth Magic
  9610 | D:8      | Reached skill level 2 in Earth Magic
  9750 | D:8      | Got a fading trident
  9751 | D:8      | Identified the +9 trident of Defiance {antimagic, rC+ MP+9}
                  | (You found it on level 8 of the Dungeon)
  9900 | D:8      | You fall into a shaft and drop 2 floors!
  9900 | D:10     | Entered Level 10 of the Dungeon
  9978 | D:10     | Found a flagged portal.
  9987 | Bailey   | Entered a bailey
 10151 | Bailey   | Reached skill level 3 in Earth Magic
 10250 | Bailey   | Reached ***** piety under Kikubaaqudgha
 10289 | Bailey   | Found a burning altar of Makhleb.
 10360 | D:10     | Noticed an unseen horror
 10386 | D:10     | Killed an unseen horror
 10386 | D:10     | Reached skill level 4 in Earth Magic
 10386 | D:10     | Reached XP level 11. HP: 74/76 MP: 16/21
 10473 | D:10     | Reached skill level 5 in Earth Magic
 10588 | D:10     | Found a staircase to the Lair.
 10866 | D:10     | Reached skill level 6 in Earth Magic
 11416 | D:9      | Found a radiant altar of Vehumet.
 11450 | D:9      | Reached skill level 7 in Earth Magic
 11685 | D:8      | Found Hasaufud's Food Boutique.
 12232 | D:9      | Noticed Psyche
 12239 | D:9      | Killed Psyche
 12761 | D:11     | Reached skill level 8 in Earth Magic
 12831 | D:11     | Noticed a deep elf mage
 12837 | D:11     | Killed a deep elf mage
 12837 | D:11     | Reached skill level 9 in Earth Magic
 12852 | D:11     | Noticed a deep elf mage
 12866 | D:11     | Killed a deep elf mage
 12890 | D:11     | Noticed a deep elf mage
 12904 | D:11     | Killed a deep elf mage
 12904 | D:11     | Reached XP level 12. HP: 61/83 MP: 7/22
 12925 | D:11     | Reached skill level 10 in Earth Magic
 13041 | D:11     | Identified Nuohor's Collected Works on Companions and
                  | Boosts
 13092 | D:11     | Identified Dalisir's Catalogue of Unholy Intoxication
 13102 | D:11     | Found a shimmering blue altar of Sif Muna.
 13115 | D:11     | Reached skill level 11 in Earth Magic
 13123 | D:11     | Reached skill level 12 in Earth Magic
 13188 | D:11     | Noticed a vampire mage
 13494 | D:11     | Found a runed translucent door.
 13494 | D:11     | Noticed Clowwww's ghost (journeyman DsFi)
 13746 | D:12     | Noticed an eight-headed hydra
 13761 | D:12     | Killed a six-headed hydra
 13761 | D:12     | Reached skill level 5 in Fighting
 13761 | D:12     | Reached skill level 5 in Armour
 13995 | D:12     | Noticed Josephine
 14015 | D:12     | Killed Josephine
 14015 | D:12     | Reached skill level 5 in Dodging
 14065 | D:12     | Noticed Erolcha
 14080 | D:12     | Killed Erolcha
 14080 | D:12     | Reached XP level 13. HP: 57/94 MP: 6/23
 14181 | D:12     | Found a staircase to the Orcish Mines.
 14259 | Orc:1    | Entered Level 1 of the Orcish Mines
 14259 | Orc:1    | Found a runed translucent door.
 14259 | Orc:1    | Found Mahuz's Gadget Emporium.
 14259 | Orc:1    | Noticed lenfi's ghost (journeyman MfMo)
 14262 | Orc:1    | Noticed Jorgrun
 14272 | Orc:1    | Reached ****** piety under Kikubaaqudgha
 14279 | D:12     | Received a gift from Kikubaaqudgha
 14281 | D:12     | Fell from the grace of Kikubaaqudgha
 14521 | Temple   | Became a worshipper of Gozag Ym Sagoz the Greedy
 14567 | D:4      | You fall into a shaft and drop 3 floors!
 14570 | D:7      | You fall into a shaft and drop 2 floors!
 14573 | D:9      | You fall into a shaft and drop 2 floors!
 14663 | Orc:1    | Found a dark tunnel.
 14672 | Volcano  | Entered a volcano
 14906 | Volcano  | Noticed a centaur warrior
 14915 | Volcano  | Noticed a red draconian
 14931 | Volcano  | Killed a centaur warrior
 14944 | Volcano  | HP: 5/144 [red draconian/+2 scimitar of flaming (4)]
 14945 | Volcano  | HP: 2/144 [red draconian] (8)]
 14952 | Volcano  | Killed a red draconian
 14953 | Volcano  | Gained mutation: You are partially covered in thin metallic
                  | scales. (AC +2) [potion of mutation]
 14953 | Volcano  | Gained mutation: You are partially covered in yellow
                  | scales. (AC +2) [potion of mutation]
 14953 | Volcano  | HP: 7/144 [something (4)]
 15079 | Volcano  | Found a radiant altar of Vehumet.
 15119 | Volcano  | Found a radiant altar of Vehumet.
 15614 | D:12     | Noticed Rupert
 15634 | D:12     | Killed Rupert
 15806 | D:11     | Killed Clowwww's ghost
 15815 | D:11     | Lost mutation: You are partially covered in yellow scales.
                  | (AC +2) [potion of mutation]
 15815 | D:11     | Gained mutation: You are dopey. (Int -2) [potion of
                  | mutation]
 15815 | D:11     | Gained mutation: You have large cloven feet. [potion of
                  | mutation]
 15815 | D:11     | Gained mutation: You evolve. [potion of mutation]
 16123 | D:11     | Got a bloodstained shortbow
 16169 | D:11     | Noticed a deep elf sorcerer
 16172 | D:11     | Noticed a deep elf sorcerer
 16174 | D:11     | Killed a deep elf sorcerer
 16176 | D:11     | Killed a deep elf sorcerer
 16187 | D:11     | Identified the Almanac of Helpful Displacement
 16189 | D:11     | Identified Falomaor's Guide on Darkness
 16212 | D:11     | Identified the Collected Works on Talismans and
                  | Intoxication
 16271 | D:11     | Identified the cursed +2 shortbow of Olafuc {freeze, rPois
                  | rN+} (You found it on level 11 of the Dungeon)
 16369 | D:13     | Got a warped wooden ring
 16376 | D:13     | Identified the ring of Midsummer {+Fly rElec MR+ AC+4
                  | Int+3} (You found it on level 13 of the Dungeon)
 16480 | D:13     | Reached XP level 14. HP: 73/108 MP: 15/25
 17379 | D:13     | Gained mutation: Your flesh is heat resistant. (rF+)
                  | [evolution]
 17625 | D:14     | Was forgiven by Kikubaaqudgha
 17793 | D:14     | Reached skill level 10 in Fighting
 17793 | D:14     | Reached skill level 10 in Armour
 17858 | D:14     | Reached skill level 10 in Spellcasting
 18050 | D:14     | Lost mutation: You evolve. [end of evolution]
 18051 | D:14     | Lost mutation: Your flesh is heat resistant. (rF+) [potion
                  | of mutation]
 18051 | D:14     | Gained mutation: You are partially covered in iridescent
                  | scales. (AC +2) [potion of mutation]
 18051 | D:14     | Gained mutation: You possess an exceptional clarity of
                  | mind. [potion of mutation]
 18531 | D:14     | Found a gate to the Vaults.
 19061 | D:14     | Reached XP level 15. HP: 96/115 MP: 19/31
 19330 | D:15     | Entered Level 15 of the Dungeon
 19724 | D:15     | Got a faintly humming leather armour
 19735 | D:15     | Identified the +1 leather armour of Laycwaka {rF+ rC+
                  | Dex+3} (You found it on level 15 of the Dungeon)
 20012 | D:15     | Found a staircase to the Depths.
 20305 | Lair:1   | Entered Level 1 of the Lair of Beasts
 20712 | Lair:1   | Noticed Gastronok
 20724 | Lair:1   | Killed Gastronok
 20779 | Lair:1   | Noticed Maggie
 20786 | Lair:1   | Killed Maggie
 21263 | Lair:2   | Found the +4 robe of Augmentation {Str+4 Int+4 Dex+4}
 21950 | Lair:3   | Found a staircase to the Shoals.
 22113 | Lair:3   | Reached skill level 10 in Necromancy
 23298 | Lair:4   | Found a runed translucent door.
 23303 | Lair:4   | Noticed Hiywul's ghost (journeyman MiHu)
 23304 | Lair:4   | Found the +3 giant club "Skullcrusher" {speed, Str+7}
 23326 | Lair:4   | Killed Hiywul's ghost
 23399 | Lair:4   | Reached XP level 16. HP: 56/122 MP: 25/34
 23623 | Lair:4   | Learned a level 2 spell: Shroud of Golubria
 23637 | Lair:4   | Found a staircase to the Snake Pit.
 23899 | Lair:4   | Reached skill level 1 in Shields
 24924 | Lair:6   | Entered Level 6 of the Lair of Beasts
 24932 | Lair:5   | Reached skill level 5 in Shields
 25613 | Lair:6   | Found a viscous altar of Jiyva.
 25614 | Lair:6   | Found a staircase to the Slime Pits.
 25718 | Lair:6   | Got a scintillating ruby amulet
 25727 | Lair:6   | Got a steaming hunting sling
 25778 | Lair:6   | Identified the amulet of Lust {Reflect rPois Str+3 Int-3
                  | Slay+2 SH+5} (You found it on level 6 of the Lair of
                  | Beasts)
 25838 | Lair:6   | Identified the +9 hunting sling of Defence by Offence
                  | {speed, Int+4} (You found it on level 6 of the Lair of
                  | Beasts)
 26092 | Lair:6   | Reached skill level 13 in Earth Magic
 26913 | Orc:1    | Killed Jorgrun
 26935 | Orc:1    | Killed lenfi's ghost
 26935 | Orc:1    | Reached skill level 14 in Earth Magic
 26939 | Orc:1    | Identified Biatisaf's Guide on Lightness and Evil Rites
 26969 | Orc:1    | Found a burning altar of Makhleb.
 27025 | Orc:1    | Found a roughly hewn altar of Beogh.
 27377 | Orc:2    | Entered Level 2 of the Orcish Mines
 27500 | Orc:2    | Reached XP level 17. HP: 128/128 MP: 16/35
 27592 | Orc:2    | Found a staircase to the Elven Halls.
 27734 | Orc:2    | Reached skill level 15 in Earth Magic
 28463 | Orc:2    | Reached skill level 16 in Earth Magic
 28499 | Orc:2    | Found Zimolioss's General Store.
 28502 | Orc:2    | Found Quwaoduo's Distillery.
 28503 | Orc:2    | Found Nosugel's Assorted Antiques.
 28504 | Orc:2    | Found Xipnogh's Gadget Emporium.
 28507 | Orc:2    | Bought a scroll of enchant armour for 187 gold pieces
 28508 | Orc:2    | Bought a potion of mutation for 120 gold pieces
 28508 | Orc:2    | Bought a potion of mutation for 120 gold pieces
 28508 | Orc:2    | Bought a potion of curing for 45 gold pieces
 28510 | Orc:2    | Bought a wand of acid (9) for 390 gold pieces
 28510 | Orc:2    | Bought a wand of acid (11) for 450 gold pieces
 28511 | Orc:2    | Bought a scroll of identify for 30 gold pieces
 28511 | Orc:2    | Bought a scroll of identify for 30 gold pieces
 28511 | Orc:2    | Bought a potion of magic for 120 gold pieces
 28511 | Orc:2    | Bought 2 potions of heal wounds for 150 gold pieces
 28944 | Snake:1  | Entered Level 1 of the Snake Pit
 29572 | Snake:1  | Found Ymiun's Book Shoppe.
 29620 | Snake:1  | Found Moihypsa's Distillery.
 29626 | Snake:1  | Bought a potion of curing for 42 gold pieces
 29626 | Snake:1  | Bought a potion of curing for 42 gold pieces
 29626 | Snake:1  | Bought a potion of curing for 42 gold pieces
 29626 | Snake:1  | Bought a potion of curing for 42 gold pieces
 29626 | Snake:1  | Bought a potion of resistance for 140 gold pieces
 29626 | Snake:1  | Bought a potion of resistance for 140 gold pieces
 29626 | Snake:1  | Bought 2 potions of ambrosia for 224 gold pieces
 29665 | Snake:1  | Found Ilocyekh's Armour Emporium.
 30187 | Snake:1  | Reached skill level 10 in Shields
 30796 | Snake:2  | Found a runed translucent door.
 30807 | Snake:2  | Found Konos's Jewellery Emporium.
 30808 | Snake:2  | Found Ashriyl's Gadget Boutique.
 30808 | Snake:2  | Found Nutidez's Gadget Boutique.
 30848 | Snake:2  | Reached XP level 18. HP: 134/134 MP: 26/36
 31420 | Snake:2  | Identified the ring of Rauck {*Tele rElec rN+ MR+}
 31755 | Snake:3  | Found Saefean's Antique Weapon Boutique.
 31788 | Snake:3  | Noticed Vashnia
 31814 | Snake:3  | Killed Vashnia
 32017 | Snake:3  | Found Niuwnau's General Store.
 32026 | Snake:3  | Bought a scroll of immolation for 45 gold pieces
 32026 | Snake:3  | Bought a scroll of noise for 13 gold pieces
 32026 | Snake:3  | Bought a potion of curing for 39 gold pieces
 32036 | Snake:3  | Reached skill level 15 in Shields
 32037 | Snake:3  | Reached skill level 17 in Earth Magic
 32089 | Snake:3  | Found Fareint's General Store.
 32098 | Snake:3  | Bought a potion of heal wounds for 85 gold pieces
 32098 | Snake:3  | Bought a scroll of fog for 34 gold pieces
 32382 | Snake:3  | Found Neshuu's Food Emporium.
 32383 | Snake:3  | Noticed Asterion
 32393 | Snake:3  | Killed Asterion
 32399 | Snake:3  | Found Baves's Gadget Emporium.
 32409 | Snake:3  | Bought a wand of acid (7) for 264 gold pieces
 32511 | Snake:4  | Entered Level 4 of the Snake Pit
 32675 | Snake:4  | Reached skill level 18 in Earth Magic
 32852 | Snake:4  | Noticed Aizul
 32864 | Snake:4  | Killed Aizul
 32994 | Snake:4  | Reached XP level 19. HP: 122/140 MP: 26/37
 33056 | Snake:4  | Noticed Saint Roka
 33104 | Snake:4  | Killed Saint Roka
 33821 | Snake:4  | Lost mutation: You possess an exceptional clarity of mind.
                  | [potion of mutation]
 33821 | Snake:4  | Lost mutation: You are dopey. (Int -2) [potion of mutation]
 33821 | Snake:4  | Gained mutation: You have very sharp teeth. [potion of
                  | mutation]
 33821 | Snake:4  | Gained mutation: Scrolls take you a little longer to read.
                  | [potion of mutation]
 33821 | Snake:4  | Gained mutation: Your magical capacity is low. (-10% MP)
                  | [potion of mutation]
 33821 | Snake:4  | Gained mutation: You passively map a small area around you.
                  | [potion of mutation]
 33822 | Snake:4  | Lost mutation: You have large cloven feet. [potion of
                  | mutation]
 33822 | Snake:4  | Lost mutation: You passively map a small area around you.
                  | [potion of mutation]
 33822 | Snake:4  | Gained mutation: You are agile. (Dex +2) [potion of
                  | mutation]
 33822 | Snake:4  | Gained mutation: Armour fits poorly on your strangely
                  | shaped body. [potion of mutation]
 33822 | Snake:4  | Gained mutation: You are robust. (+10% HP) [potion of
                  | mutation]
 34732 | Snake:4  | Reached skill level 15 in Necromancy
 35172 | Snake:4  | Got a serpentine rune of Zot
 35576 | Shoals:1 | Entered Level 1 of the Shoals
 35601 | Shoals:1 | Identified Roxanne's Incunabulum of Earth
 35601 | Shoals:1 | Noticed Roxanne
 35619 | Shoals:1 | Killed Roxanne
 35678 | Shoals:1 | Learned a level 6 spell: Statue Form
 35838 | Shoals:1 | Reached skill level 1 in Transmutations
 35885 | Shoals:1 | Reached XP level 20. HP: 125/161 MP: 20/34
 36555 | Shoals:2 | Reached skill level 5 in Transmutations
 36812 | Shoals:2 | Noticed Ilsuiw
 36829 | Shoals:2 | Killed Ilsuiw
 37494 | Shoals:3 | Noticed Louise
 37496 | Shoals:3 | Noticed Mara
 37504 | Shoals:3 | Identified the +3 leather armour of Untruth {rPois rCorr
                  | Slay+3 Stlth+}
 37514 | Shoals:3 | Killed Louise
 37630 | Shoals:3 | Killed Mara
 37812 | Shoals:3 | Noticed Nikola
 37825 | Shoals:3 | Killed Nikola
 37922 | Shoals:3 | Identified 3 scrolls of acquirement
 38144 | Shoals:4 | Entered Level 4 of the Shoals
 38443 | Shoals:4 | Reached skill level 10 in Transmutations
 38904 | Shoals:4 | Found a runed translucent door.
 38905 | Shoals:4 | Noticed destino's ghost (adept OpFi)
 38916 | Shoals:4 | Killed destino's ghost
 38997 | Shoals:4 | Got a barnacled rune of Zot
 39131 | Shoals:4 | Reached XP level 21. HP: 114/168 MP: 15/35
 39294 | Shoals:4 | Identified the amulet of Beauty {Spirit rPois Str-2 Slay+2}
 39654 | Vaults:1 | Entered Level 1 of the Vaults
 40617 | Vaults:1 | Learned a level 8 spell: Necromutation
 40917 | Vaults:1 | Found Lotejeug's Armour Boutique.
 41933 | Vaults:2 | Found a staircase to the Crypt.
 41958 | Vaults:2 | Reached XP level 22. HP: 157/174 MP: 25/36
 42583 | Vaults:2 | Reached skill level 1 in Evocations
 43592 | Vaults:3 | Found Viupisei's Distillery.
 43609 | Vaults:3 | Bought a potion of heal wounds for 115 gold pieces
 43609 | Vaults:3 | Bought a potion of heal wounds for 115 gold pieces
 43609 | Vaults:3 | Bought a potion of curing for 69 gold pieces
 43609 | Vaults:3 | Bought a potion of curing for 69 gold pieces
 43609 | Vaults:3 | Bought a potion of mutation for 184 gold pieces
 43609 | Vaults:3 | Bought a potion of ambrosia for 184 gold pieces
 43609 | Vaults:3 | Lost mutation: Your magical capacity is low. (-10% MP)
                  | [potion of mutation]
 43609 | Vaults:3 | Lost mutation: Scrolls take you a little longer to read.
                  | [potion of mutation]
 43609 | Vaults:3 | Lost mutation: You are agile. (Dex +2) [potion of mutation]
 43609 | Vaults:3 | Lost mutation: You are robust. (+10% HP) [potion of
                  | mutation]
 43609 | Vaults:3 | Gained mutation: You occasionally shout uncontrollably at
                  | your foes. [potion of mutation]
 43609 | Vaults:3 | Gained mutation: You passively map a small area around you.
                  | [potion of mutation]
 43613 | Vaults:3 | Acquired 2040 gold pieces
 43618 | Vaults:3 | Acquired 1960 gold pieces
 43619 | Vaults:3 | Acquired 1210 gold pieces
 43791 | Vaults:3 | Reached skill level 5 in Evocations
 43994 | Vaults:3 | Reached skill level 15 in Transmutations
 44597 | Vaults:3 | Reached XP level 23. HP: 139/165 MP: 1/41
 44758 | Vaults:3 | Got a steaming war axe
 45242 | Vaults:4 | Learned a level 3 spell: Mephitic Cloud
 45903 | Vaults:4 | Reached skill level 10 in Evocations
 46894 | Crypt:1  | Entered Level 1 of the Crypt
 47109 | Elf:1    | Entered Level 1 of the Elven Halls
 47159 | Elf:1    | Noticed Frances
 47167 | Elf:1    | Killed Frances
 47449 | Elf:1    | Identified the Catalogue of Summoning
 47850 | Elf:1    | Identified the +7 war axe "Giantbane" {flame, rN+ Str-3
                  | Dex+6} (You found it on level 3 of the Vaults)
 47886 | Elf:2    | Noticed Agnes
 47898 | Elf:2    | Reached XP level 24. HP: 172/172 MP: 8/41
 47902 | Elf:2    | Killed Agnes
 48317 | Elf:2    | Found Plog's Book Boutique.
 48432 | Elf:2    | Found a runed translucent gate.
 48432 | Elf:2    | Found a runed translucent gate.
 48432 | Elf:2    | Found a runed translucent gate.
 48626 | Elf:2    | HP: 6/172 [deep elf knight/stone arrow (20)]
 49000 | Elf:3    | Entered Level 3 of the Elven Halls
 49541 | Elf:3    | Identified the cursed +1 great sword "Bujulad" {vorpal,
                  | *Contam +Fly rElec Stlth+}
 49622 | Elf:3    | Identified the +10 broad axe of Oriusumo {holy, rC- Int+4
                  | Stlth+}
 49625 | Elf:3    | Identified the ring of Tension {*Tele +Fly rC+ Slay+2 SInv}
 49751 | Elf:3    | Identified the +10 dagger of Disembowelment {elec, rF+}
 49904 | Elf:3    | Identified the +9 eveningstar of Callousness {vorpal, rPois
                  | Str+2}
 49904 | Elf:3    | Identified the ring of the Serpent {*Drain rC+ Str+8 Int+4}
 49996 | Elf:3    | Identified Dagomnoa's Reference Book on Earth and Evil
                  | Secrets
 50001 | Elf:3    | Identified the Incunabulum of the Birds and Ignition
 50004 | Elf:3    | Identified the Reference Book on Lucky Execration
 50337 | Elf:3    | Learned a level 3 spell: Ozocubu's Armour
 50347 | Elf:3    | Learned a level 9 spell: Shatter
 50693 | Crypt:1  | Reached XP level 25. HP: 180/180 MP: 34/41
 51269 | Crypt:1  | Noticed Frederick
 51280 | Crypt:1  | Killed Frederick
 51768 | Crypt:2  | Noticed Mennas
 51812 | Crypt:2  | Killed Mennas
 51816 | Crypt:2  | Noticed Donald
 51831 | Crypt:2  | Killed Donald
 52649 | Crypt:3  | Entered Level 3 of the Crypt
 53004 | Crypt:3  | Reached skill level 15 in Spellcasting
 53115 | Crypt:3  | Reached skill level 19 in Earth Magic
 53160 | Crypt:3  | Found an ancient bone altar of Kikubaaqudgha.
 53181 | Crypt:3  | Reached skill level 1 in Charms
 53181 | Crypt:3  | Reached skill level 1 in Ice Magic
 53644 | Crypt:3  | Got a translucent tin amulet
 53825 | Crypt:3  | Got a translucent amber ring
 53870 | Crypt:3  | Reached XP level 26. HP: 153/191 MP: 15/42
 53937 | Crypt:3  | Found a staircase to the Tomb.
 53937 | Crypt:3  | Noticed Jory
 53944 | Crypt:3  | Killed Jory
 54070 | Crypt:3  | Reached skill level 5 in Ice Magic
 54073 | Crypt:3  | Reached skill level 5 in Charms
 54107 | Crypt:3  | Got a warped leather armour
 54122 | Crypt:3  | Identified the +2 leather armour of Neofup {Int+4} (You
                  | found it on level 3 of the Crypt)
 54136 | Crypt:3  | Identified the amulet "Xuenesur" {Faith *Slow rPois rN+
                  | SInv} (You found it on level 3 of the Crypt)
 54140 | Crypt:3  | Identified the ring "Xiaschun" {rC+ Slay+6} (You found it
                  | on level 3 of the Crypt)
 54182 | Tomb:1   | Entered Level 1 of the Tomb of the Ancients
 54358 | Tomb:1   | Noticed Boris
 54389 | Tomb:1   | Killed Boris
 54753 | Tomb:1   | Noticed a greater mummy
 54765 | Tomb:1   | Killed a greater mummy
 54765 | Tomb:1   | Reached skill level 20 in Earth Magic
 55490 | Tomb:1   | Noticed a greater mummy
 55492 | Tomb:1   | Noticed a greater mummy
 55492 | Tomb:1   | Noticed a greater mummy
 55494 | Tomb:1   | Killed a greater mummy
 55497 | Tomb:1   | Noticed a greater mummy
 55510 | Tomb:1   | Killed a greater mummy
 55514 | Tomb:1   | Killed a greater mummy
 55517 | Tomb:1   | Killed a greater mummy
 55586 | Tomb:1   | Noticed a greater mummy
 55595 | Tomb:1   | Killed a greater mummy
 55640 | Tomb:1   | Noticed a greater mummy
 55644 | Tomb:1   | Noticed a greater mummy
 55649 | Tomb:1   | Killed a greater mummy
 55649 | Tomb:1   | Killed a greater mummy
 55731 | Tomb:1   | Noticed a greater mummy
 55742 | Tomb:1   | Killed a greater mummy
 55744 | Tomb:1   | Noticed a greater mummy
 55745 | Tomb:1   | Noticed a greater mummy
 55777 | Tomb:1   | Killed a greater mummy
 55783 | Tomb:1   | Killed a greater mummy
 55857 | Tomb:1   | Noticed a greater mummy
 55864 | Tomb:1   | Killed a greater mummy
 55899 | Tomb:1   | Noticed a greater mummy
 55900 | Tomb:1   | Noticed a greater mummy
 55911 | Tomb:1   | Killed a greater mummy
 55911 | Tomb:1   | Reached XP level 27. HP: 164/197 MP: 29/42
 55920 | Tomb:1   | Killed a greater mummy
 55932 | Tomb:1   | Noticed a greater mummy
 55936 | Tomb:1   | Noticed a greater mummy
 55946 | Tomb:1   | Killed a greater mummy
 55946 | Tomb:1   | Reached skill level 21 in Earth Magic
 55952 | Tomb:1   | Killed a greater mummy
 55995 | Tomb:1   | Noticed a greater mummy
 56006 | Tomb:1   | Killed a greater mummy
 56029 | Tomb:1   | Noticed a greater mummy
 56037 | Tomb:1   | Killed a greater mummy
 56343 | Tomb:2   | Noticed a greater mummy
 56353 | Tomb:2   | Killed a greater mummy
 56353 | Tomb:2   | Noticed a greater mummy
 56353 | Tomb:2   | Noticed a greater mummy
 56376 | Tomb:2   | Noticed a greater mummy
 56377 | Tomb:2   | Reached skill level 15 in Evocations
 56377 | Tomb:2   | Reached skill level 22 in Earth Magic
 56377 | Tomb:2   | Killed a greater mummy
 56378 | Tomb:2   | HP: 8/197 [bennu (14)]
 56378 | Tomb:2   | Mangled by a bennu

Illustrated notes

Levels and vault maps discovered:
D:1:      dpeg_arrival_houses_and_road, layout_basic, serial_park_tiny_1,
          tso_altar
D:2:      layout_basic, minitemple, st_stairs_8
D:3:      wad_pebble_path, layout_basic, portal_sewer_entry_b, first_ration,
          minmay_misc_feat_room, uniq_terence
D:4:      layout_basic, overflow_temple_1_default,
          lemuel_zombie_altar_kikubaaqudgha, kennysheep_slug_shrine,
          temple_green
D:5:      layout_basic, kennysheep_donut, uniq_edmund
D:6:      layout_basic, enter_ossuary_5, uniq_pikel
D:7:      layout_basic, nicolae_dithmenos_through_a_glass_darkly,
          uniq_crazy_yiuf_cottage, uniq_menkaure
D:8:      layout_layer_cave, serial_shops, shop, uniq_joseph
D:9:      layout_gridville, fiery_altar_vehumet, uniq_psyche
D:10:     layout_long_grid, erik_lair_dragon, enter_bailey_8
D:11:     evilmike_library_of_no_secrets, layout_loops_cross,
          gammafunk_ghost_grave
D:12:     kennysheep_blocky_hall, layout_rooms, erik_orc_1, uniq_erolcha,
          uniq_rupert, uniq_josephine
D:13:     layout_irregular_city, hangedman_fish_farm
D:14:     layout_loops_ring, lightli_vaults_fourway_checkpoint,
          corexii_corridor_pit, kennysheep_generic_room_16
D:15:     grunt_enter_depths_magical_seal, layout_rooms, minmay_misc_feat_doors
Temple:   minmay_temple_curvy_loop
Lair:1:   layout_loops_ring, chequers_serial_rivers_micro_e, uniq_gastronok,
          uniq_maggie
Lair:2:   layout_cave_pods
Lair:3:   layout_small_grid, minmay_shoals_entry_lonely_mermaid,
          nicolae_quartered_pool_super, chequers_serial_rivers_micro_b,
          minmay_another_anthill, lemuel_fruit_tree
Lair:4:   layout_cave_pods, guppyfry_snake_entry_island,
          ebering_ghost_reflecting_pool, serial_bayou_ford_a,
          lemuel_old_faithful
Lair:5:   layout_long_grid, beast_lair_carwin_2, lemuel_fruit_fields
Lair:6:   hangedman_lair_in_review, layout_misc_corridors,
          guppyfry_lair_end_dragon, slime_altar_1
Shoals:1: layout_shoals, uniq_roxanne
Shoals:2: layout_shoals, uniq_ilsuiw
Shoals:3: layout_shoals, uniq_nikola, uniq_mara, uniq_louise
Shoals:4: shoals_end_grunt_ice, layout_shoals, gammafunk_ghost_grave,
          nicolae_shoals_mertower
Snake:1:  layout_basic, serial_corexii_hall, corexii_hall_statues_x,
          chequers_hall_statues_y, corexii_hall_statues_x,
          chequers_hall_statues_wall_a, serial_shops, shop, nicolae_shop_trees,
          shop_statue, st_stairs_14, nrook_guardian_serpent_double
Snake:2:  layout_misc_corridors, lightli_airlock, serial_bayou_shore_a,
          grunt_megastairs_4, serial_bayou_shore_b, minmay_shop_grove,
          serial_bayou_shore_b
Snake:3:  layout_cave_town, serial_shops, shop, nicolae_shop_crystal,
          nicolae_shop_waterfront, shop_fountains, nicolae_shop_window_shopping,
          uniq_vashnia, uniq_asterion
Snake:4:  snake_pit_salamanders_mu, layout_cave_town, uniq_aizul,
          uniq_saint_roka
Orc:1:    layout_caves, nicolae_volcano_entry_two_sided, basic_altar,
          serial_shops, shop, ebering_ghost_inner_flame, minmay_orc_temple_a,
          uniq_jorgrun
Orc:2:    st_orc_pillars, layout_caves, mines2_lemuel
Elf:1:    minmay_elf_arrival_summoners, layout_gridlike, serial_corexii_hall,
          corexii_hall_statues_deadend, corexii_hall_statues_l,
          corexii_hall_statues_s, minmay_elf_demonology, grunt_ministairs_2,
          uniq_frances
Elf:2:    layout_geoelf_diagonals, serial_shops, nicolae_shop_waterfront,
          uniq_agnes
Elf:3:    minmay_elf_hall_statues, layout_gridlike
Vaults:1: vaults_room_stairs_pillars, nicolae_vaults_little_squares_1,
          ontoclasm_vaults_hangar, hangedman_vaults_cutoff, serial_ice_b,
          ontoclasm_vaults_pinch, hangedman_vaults_slice,
          ontoclasm_vaults_ligature, ontoclasm_vaults_gateway, v_alt_pattern_4,
          v_rooms_6, nicolae_vaults_little_squares_1, ontoclasm_vaults_tryst,
          nicolae_vaults_little_squares_2, nicolae_vaults_little_ls,
          nicolae_vaults_little_squares_6, layout_vaults_omnicross,
          serial_shops, nicolae_shop_waterfront
Vaults:2: minmay_crypt_entry_vampire_xt, v_rooms_1, ontoclasm_vaults_shuriken,
          grunt_vaults_hallway_long, v_misc_27,
          vaults_mumra_minichess_inversion, v_misc_11, vaults_dpeg_hooks,
          grunt_vaults_focal, layout_vaults_big_room, uniq_margery
Vaults:3: st_quartered_hall, vaults_standard_mumra_x, vaults_room_octagon,
          v_misc_3, nicolae_vaults_border_crossing, vaults_mumra_hex, v_misc_18,
          layout_vaults_quadrants, serial_shops, shop
Vaults:4: v_misc_19, grunt_vaults_bifocal, v_misc_15, v_alt_pattern_1,
          vaults_standard_mumra_lines, hangedman_vaults_slither, v_pattern_5,
          nicolae_vaults_network_quinsquares
          [nicolae_vaults_network_quincunx_subvault,
          nicolae_vaults_network_quincunx_subvault,
          nicolae_vaults_network_quincunx_subvault,
          nicolae_vaults_network_quincunx_subvault], hangedman_vaults_trim,
          hangedman_vaults_hat, nicolae_vaults_statue_guard,
          layout_vaults_maze_snakey
Crypt:1:  layout_gridlike, grunt_crypt_arrival_webbed, uniq_frederick
Crypt:2:  layout_basic, uniq_mennas, uniq_donald
Crypt:3:  grunt_crypt_end_deaths_head
Tomb:1:   uniq_boris
Tomb:2

Skill      XL: |  1  2  3  4  5  6  7  8  9 10 11 12 13 14 15 16 17 18 19 20 21 22 23 24 25 26 27 |
---------------+----------------------------------------------------------------------------------+-----
Conjurations   | 1 2 3 4 5 6 |  6.0
Poison Magic   | 3 4 |  4.0
Fire Magic     | 2 3 4 5 |  5.0
Air Magic      | 1 2 3 4 |  4.0
Fighting       | 1 2 3 6 9 10 12 | 12.0
Armour         | 1 2 3 6 9 10 12 | 12.0
Dodging        | 2 3 5 7 8 9 |  9.0
Necromancy     | 1 3 6 9 11 12 16 17 18 19 | 19.0
Spellcasting   | 5 7 12 14 15 | 15.0
Earth Magic    | 4 9 12 14 16 18 19 20 22 | 22.2
Shields        | 9 12 15 | 15.0
Transmutations | 2 10 13 15 17 19 | 19.0
Evocations     | 7 11 12 13 15 | 15.0
Charms         | 4 8 |  8.0
Ice Magic      | 4 8 |  8.0
Stealth        | |  2.4
Summonings     | |  1.0
Translocations | |  0.8

Action                   |  1- 3 |  4- 6 |  7- 9 | 10-12 | 13-15 | 16-18 | 19-21 | 22-24 | 25-27 || total
-------------------------+-------+-------+-------+-------+-------+-------+-------+-------+-------++-------
Melee: Club              |     8 |       |       |       |       |       |       |       |       ||     8
       Hunting sling     |       |     1 |       |       |       |       |       |       |       ||     1
       Mace              |       |    76 |   398 |   572 |   789 |   190 |       |       |       ||  2025
       Dagger            |       |     4 |   170 |    11 |       |       |       |       |       ||   185
       Trident           |       |       |       |    31 |    16 |     3 |       |       |       ||    50
       Demon blade       |       |       |       |     2 |     5 |     6 |       |       |       ||    13
       Staff             |       |       |       |       |       |       |       |     3 |    62 ||    65
       Bite              |       |       |       |       |       |       |       |       |     8 ||     8
 Fire: Hunting sling     |       |    39 |       |     3 |       |   607 |   965 |   829 |   120 ||  2563
       Shortbow          |       |       |       |       |     5 |     1 |     2 |       |       ||     8
Throw: Javelin           |       |       |       |     1 |     5 |       |       |       |       ||     6
       Dart              |       |       |       |       |     1 |       |       |       |       ||     1
 Cast: Magic Dart        |    82 |    57 |    16 |    35 |    22 |     7 |       |       |       ||   219
       Mephitic Cloud    |       |     6 |    17 |    19 |    35 |     4 |    13 |     7 |       ||   101
       Conjure Flame     |       |       |    14 |    19 |    51 |     5 |     9 |     1 |       ||    99
       Vampiric Draining |       |       |     1 |     9 |    19 |     8 |     6 |       |     1 ||    44
       Dispel Undead     |       |       |       |    15 |    18 |     3 |    14 |    17 |   191 ||   258
       Borgnjor's Vile C |       |       |       |    50 |   147 |   312 |   378 |   398 |   168 ||  1453
       Sublimation of Bl |       |       |       |     9 |    18 |    60 |    98 |    32 |       ||   217
       Statue Form       |       |       |       |       |       |       |    12 |     3 |       ||    15
       Shroud of Golubri |       |       |       |       |       |       |     1 |     1 |     2 ||     4
       Necromutation     |       |       |       |       |       |       |       |    52 |    67 ||   119
       Ozocubu's Armour  |       |       |       |       |       |       |       |       |    11 ||    11
       Shatter           |       |       |       |       |       |       |       |       |    23 ||    23
Invok: Potion Petition   |       |       |       |       |     1 |       |       |     1 |     4 ||     6
       Receive Necronomi |       |       |       |       |     1 |       |       |       |       ||     1
       Renounce Religion |       |       |       |       |     1 |       |       |       |       ||     1
 Abil: Dig               |     2 |    11 |    11 |    35 |    24 |    22 |    19 |     5 |     1 ||   130
       Shaft Self        |       |       |       |       |     3 |       |       |       |       ||     3
       End Transformatio |       |       |       |       |       |       |     6 |     2 |     1 ||     9
Evoke: Staff of energy   |       |       |       |       |       |       |       |   501 |   697 ||  1198
       Wand              |       |       |       |       |       |       |       |       |     2 ||     2
  Use: Scroll            |       |     4 |     2 |     7 |    11 |       |     6 |    10 |       ||    40
       Potion            |       |       |       |       |    14 |     3 |     4 |     1 |       ||    22
 Stab: Sleeping          |       |       |     9 |     5 |     3 |     1 |       |       |       ||    18
       Confused          |       |       |     6 |     6 |    15 |       |       |       |       ||    27
       Distracted        |       |       |     1 |     1 |     3 |     1 |       |       |       ||     6
       Petrified         |       |       |       |       |       |     6 |       |       |       ||     6
  Eat: Chunk             |     2 |     7 |    15 |    37 |     3 |       |       |       |       ||    64
       Ration            |       |     1 |     1 |       |    15 |     9 |     9 |     4 |     1 ||    40
Armor: Robe              |     6 |    53 |   212 |   202 |   135 |   193 |   107 |   142 |   282 ||  1332
       Leather armour    |       |       |       |    80 |    23 |       |       |       |       ||   103
       Ring mail         |       |       |       |       |   308 |       |       |       |       ||   308
       Skin              |       |       |       |       |    21 |       |    96 |    13 |       ||   130
Dodge: Dodged            |    27 |   106 |   354 |   529 |   657 |   256 |   240 |   165 |   334 ||  2668
Block: Kite shield       |       |       |       |       |       |   170 |       |       |       ||   170
       Tower shield      |       |       |       |       |       |   100 |   504 |   476 |   695 ||  1775
       Rpst.: Demon blade |       |       |       |       |     2 |     1 |       |       |       ||     3
